 Dungeon Crawl Stone Soup version 0.19.4-8-ga85b6b9 (webtiles) character file.

233 Jerry the Skirmisher (level 6, 0/49 HPs)
             Began as a Formicid Abyssal Knight on Feb 9, 2017.
             Was a Believer of Lugonu.
             Killed from afar by Robin (11 damage)
             ... with a wand of flame
             ... on level 3 of the Dungeon.
             The game lasted 00:08:05 (4045 turns).

Jerry the Skirmisher (Formicid Abyssal Knight)      Turns: 4045, Time: 00:08:05

Health: 0/49       AC:  3    Str: 18    XL:     6   Next: 25%
Magic:  8/8        EV: 10    Int: 14    God:    Lugonu [**....]
Gold:   168        SH:  0    Dex: 10    Spells: 0 memorised, 5 levels left

rFire  . . .     SeeInvis +     a - +1 hand axe
rCold  . . .     Gourm    .     p - -2 ring mail (curse)
rNeg   . . .     Faith    .     (no shield)
rPois  .         Spirit   .     (helmet unavailable)
rElec  .         Reflect  .     (no cloak)
rCorr  .         Harm     .     (no gloves)
MR     .....                    (no boots)
Stlth  ..........               (no amulet)
                                k - ring of loudness (curse)
                                d - +2 ring of intelligence (curse)

@: no status effects
A: permanent stasis, dig shafts and tunnels, four strong arms, antennae 3
a: Dig, Shaft Self, Depart the Abyss, Bend Space, Renounce Religion


You were on level 3 of the Dungeon.
You worshipped Lugonu.
Lugonu was pleased with you.
You were not hungry.

You visited 1 branch of the dungeon, and saw 3 of its levels.
You visited the Abyss 1 time.

You collected 168 gold pieces.

Inventory:

Hand Weapons
 a - a +1 hand axe (weapon)
Armour
 b - a +0 leather armour
 i - a +0 scale mail
 p - a cursed -2 ring mail (worn)
Jewellery
 d - a cursed +2 ring of intelligence (left hand)
 k - a cursed ring of loudness (right hand)
 l - a +3 ring of dexterity {unknown}
Scrolls
 h - a scroll of immolation
 m - a scroll of identify
Potions
 e - 2 potions of lignification {unknown}
 g - a potion of heal wounds {unknown}
 j - 7 potions of curing
 o - 2 potions of degeneration {unknown}
 q - a potion of resistance {unknown}
 r - a potion of might {unknown}
 s - a potion of invisibility {unknown}
Comestibles
 c - 3 bread rations
 f - 2 slices of pizza
 n - a royal jelly
 t - 5 chunks of flesh


   Skills:
 + Level 4.5 Fighting
 * Level 4.0 Axes
 + Level 3.5 Armour
 - Level 0.8 Dodging
 + Level 3.5 Invocations


You had 5 spell levels left.
You didn't know any spells.

Dungeon Overview and Level Annotations

Branches:
Dungeon (3/15)

Altars:
Ashenzari
Fedhas
Trog

Annotations:
D:3 Robin


Innate Abilities, Weirdness & Mutations

You are under a permanent stasis effect.
You can dig through walls and to a lower floor.
Your four strong arms can wield two-handed weapons with a shield.
You have a pair of large antennae on your head. (SInv)


Message History

The giant cockroach bites you but does no damage.
Robin hits you with a club.
You hit Robin.
Robin is severely wounded.
You hit the giant cockroach. The giant cockroach bites you.
The giant cockroach bites you but does no damage.
Robin zaps a wand.
The puff of flame hits you!
* * * LOW HITPOINT WARNING * * *
You are too injured to fight recklessly!
You are too injured to fight recklessly!
You are too injured to fight recklessly!
You are too injured to fight recklessly!
The giant cockroach closely misses you. The giant cockroach bites you.
* * * LOW HITPOINT WARNING * * *
Robin throws the goblin at you!
* * * LOW HITPOINT WARNING * * *
The giant cockroach closely misses you.
Robin zaps a wand.
The puff of flame hits you!
You die...

...................#....##....#.#
..............(..................
................................#
........................###......
..(.....................######...
#......................)##.......
#...(.............s.....<#.......
..##...........###g.....)#.......
...............g@................
..##............)#####..).....###
..##.....#...................####
..########...................##..
)#.......#######.............##..
.#.......# #..........##.##..
.#.......##### #..........#......
##...........###............(....
##...............................


You could see Robin and a goblin.

Vanquished Creatures
  An orc wizard (D:2)
  Ijyb (D:3)
  Terence (D:3)
  A howler monkey skeleton (D:3)
  A gnoll (D:1)
  3 adders (D:2)
  2 oozes
  2 worms (D:2)
  4 dart slugs
  4 leopard geckos
  2 orcs (D:3)
  5 bats
  2 giant cockroaches (D:2)
  15 goblins
  11 hobgoblins
  2 quokkas (D:2)
  5 frilled lizards
  15 kobolds
  7 rats
84 creatures vanquished.

Notes
Turn   | Place    | Note
-------+----------+-------------------------------------------
     0 | Abyss:1  | Jerry the Formicid Abyssal Knight began the quest for the Orb.
     0 | Abyss:1  | Reached XP level 1. HP: 18/18 MP: 2/2
     1 | Abyss:1  | Found a corrupted altar of Lugonu.
    77 | Abyss:1  | Found a radiant altar of Vehumet.
   113 | Abyss:1  | Noticed a large abomination
   124 | Abyss:1  | Noticed a quasit
   140 | Abyss:1  | Noticed a ynoxinul
   150 | D:1      | Escaped the Abyss
   282 | D:1      | Reached * piety under Lugonu
   440 | D:1      | Reached XP level 2. HP: 24/24 MP: 3/3
   795 | D:1      | Reached XP level 3. HP: 13/30 MP: 4/4
  1474 | D:2      | Reached XP level 4. HP: 37/37 MP: 5/5
  1541 | D:2      | Reached ** piety under Lugonu
  1721 | D:2      | Found a shattered altar of Ashenzari.
  2252 | D:2      | Reached XP level 5. HP: 32/42 MP: 7/7
  2473 | D:2      | Found a bloodstained altar of Trog.
  2697 | D:3      | Noticed Ijyb
  2981 | D:3      | Killed Ijyb
  3367 | D:3      | Found a blossoming altar of Fedhas.
  3405 | D:3      | Noticed Terence
  3426 | D:3      | Killed Terence
  3426 | D:3      | Reached XP level 6. HP: 24/49 MP: 8/8
  3893 | D:3      | Noticed Robin
  4045 | D:3      | Killed from afar by Robin

Skill      XL: |  1  2  3  4  5  6 |
---------------+-------------------+-----
Axes           | 3 4 |  4.0
Fighting       | 4 |  4.5
Armour         | 3 |  3.5
Invocations    | 3 |  3.5
Dodging        | |  0.8

Action                   |  1- 3 |  4- 6 || total
-------------------------+-------+-------++-------
Melee: Hand axe          |    92 |   211 ||   303
Invok: Depart the Abyss  |     1 |       ||     1
  Use: Scroll            |     1 |     4 ||     5
  Eat: Chunk             |     2 |     8 ||    10
Armor: Leather armour    |    15 |    44 ||    59
       Ring mail         |       |    25 ||    25
Dodge: Dodged            |    59 |   143 ||   202
